Map: Ascension to Aiur LE

Players

Chris

  • Race: Protoss Protoss
  • League: Master
  • Spawn Location: 11:00

FiteSumCrime - Winner!

  • Race: Protoss Protoss
  • League: Grandmaster
  • Spawn Location: 5:00

Event: HopeTL

VOD

https://www.youtube.com/watch?v=fIOJgj8wW98&list=PL9QsjkBYtQM7NVZEDVfaNugqO61aBOlm6&index=1

Description

Time

  • Played on: Sept. 30, 2017, 7 p.m.
  • Length: 9:12
Show
View Real Time Build Order
Export as new Build Order

Chris Protoss 

Build Orders:  

Get SALT Encoding   

  12  0:01  Probe (Chrono Boost)  
  13  0:11  Probe (Chrono Boost)  
  14  0:17  Pylon  
  14  0:22  Probe (Chrono Boost)  
  15  0:36  Probe (Chrono Boost)  
  15  0:37  Gateway  
  16  0:46  Assimilator, Probe (Chrono Boost)  
  17  0:51  Assimilator  
  18  0:57  Probe (Chrono Boost)  
  18  1:06  Gateway  
  18  1:11  Probe (Chrono Boost)  
  19  1:18  Pylon  
  20  1:31  Cybernetics Core  
  20  1:32  Probe (Chrono Boost)  
  20  1:42  Probe (Chrono Boost)  
  21  1:53  Probe (Chrono Boost)  
  22  2:04  Probe (Chrono Boost)  
  22  2:07  Stalker  
  22  2:08  Stalker  
  27  2:14  Mothership Core (Chrono Boost)  
  29  2:16  Warp Gate  
  29  2:25  Pylon  
  29  2:33  Probe (Chrono Boost)  
  30  2:43  Stalker x2  
  34  2:46  Probe (Chrono Boost)  
  35  3:09  Nexus  
  35  3:15  Pylon  
  35  3:19  Sentry  
  37  3:24  Sentry  
  39  3:33  Probe (Chrono Boost)  
  40  3:40  Robotics Facility  
  40  3:44  Probe (Chrono Boost)  
  39  3:58  Gateway  
  39  4:00  Probe (Chrono Boost)  
  40  4:21  Stalker x2  
  44  4:31  Immortal (Chrono Boost)  
  44  4:45  Stalker  
  46  4:46  Stalker  
  42  5:04  Pylon  
  42  5:06  Immortal (Chrono Boost)  
  46  5:12  Stalker  
  46  5:14  Pylon, Stalker  
  50  5:20  Probe x2  
  51  5:38  Stalker  
  51  5:39  Stalker  
  51  5:40  Observer (Chrono Boost)  
  55  5:43  Probe  
  55  5:44  Probe  
  57  5:53  Twilight Council  
  57  5:54  Probe  
  58  6:03  Probe  
  59  6:04  Probe  
  59  6:07  Pylon  
  59  6:09  Pylon  
  60  6:15  Probe  
  61  6:21  Probe  
  61  6:25  Assimilator  
  62  6:27  Probe  
  62  6:28  Assimilator  
  62  6:30  Blink (Chrono Boost)  
  63  6:33  Probe  
  63  6:39  Probe  
  65  6:43  Probe  
  65  6:44  Immortal  
  70  6:51  Probe  
  70  6:54  Probe  
  71  6:58  Robotics Bay  
  72  7:04  Probe x2  
  74  7:10  Pylon  
  74  7:14  Stalker x2  
  74  7:20  Probe  
  74  7:21  Probe  
  76  7:24  Pylon  
  72  7:31  Stalker  
  66  7:38  Stalker x2  
  68  7:45  Disruptor (Chrono Boost)  
  61  8:00  Gateway  
  61  8:01  Gateway  
  61  8:04  Stalker x2  
  33  8:27  Stalker x2  
  29  8:46  Stalker  
  17  8:59  Stalker  
  17  9:00  Stalker  
Show
View Real Time Build Order
Export as new Build Order

FiteSumCrime Protoss - Winner!

Build Orders:  

Get SALT Encoding   

  12  0:00  Probe (Chrono Boost)  
  13  0:11  Probe (Chrono Boost)  
  14  0:17  Pylon  
  14  0:22  Probe (Chrono Boost)  
  16  0:35  Probe (Chrono Boost)  
  16  0:37  Gateway  
  16  0:41  Assimilator  
  16  0:46  Probe (Chrono Boost)  
  17  0:51  Assimilator  
  17  0:56  Probe (Chrono Boost)  
  18  1:07  Probe (Chrono Boost)  
  18  1:08  Gateway  
  19  1:17  Probe (Chrono Boost)  
  20  1:25  Cybernetics Core  
  20  1:28  Probe (Chrono Boost)  
  21  1:34  Pylon  
  21  1:38  Probe (Chrono Boost)  
  22  1:49  Probe (Chrono Boost)  
  23  2:01  Warp Gate (Chrono Boost), Stalker x2  
  29  2:08  Mothership Core  
  29  2:22  Pylon  
  29  2:32  Stalker  
  31  2:40  Adept  
  33  2:59  Nexus  
  35  3:14  Stalker (Chrono Boost)  
  35  3:17  Stalker (Chrono Boost)  
  37  3:26  Probe  
  38  3:32  Pylon  
  38  3:40  Probe  
  37  3:51  Twilight Council  
  37  3:56  Stalker x2  
  37  4:02  Probe (Chrono Boost)  
  42  4:15  Probe (Chrono Boost)  
  43  4:23  Probe (Chrono Boost)  
  42  4:27  Stalker x2  
  42  4:28  Blink (Chrono Boost)  
  46  4:32  Probe  
  47  4:46  Probe  
  46  4:55  Probe  
  46  4:56  Adept  
  46  4:57  Adept  
  46  4:58  Probe  
  50  5:05  Probe (Chrono Boost)  
  51  5:07  Robotics Facility  
  51  5:10  Probe (Chrono Boost)  
  52  5:17  Probe (Chrono Boost)  
  53  5:22  Probe (Chrono Boost)  
  53  5:26  Pylon  
  53  5:28  Probe (Chrono Boost)  
  55  5:31  Pylon  
  55  5:32  Probe (Chrono Boost)  
  55  5:34  Sentry  
  55  5:35  Sentry  
  58  5:38  Probe (Chrono Boost)  
  58  5:43  Probe (Chrono Boost)  
  58  5:45  Assimilator  
  58  5:49  Probe (Chrono Boost)  
  59  5:50  Gateway  
  59  5:52  Gateway  
  59  5:53  Gateway  
  59  5:57  Warp Prism (Chrono Boost)  
  61  6:04  Gateway  
  61  6:07  Sentry x2  
  65  6:15  Gateway  
  65  6:17  Pylon  
  65  6:29  Observer (Chrono Boost)  
  65  6:31  Pylon  
  65  6:32  Stalker x2  
  70  6:44  Probe  
  71  6:57  Stalker  
  71  6:58  Stalker x3  
  71  6:59  Stalker  
  81  7:02  Stalker  
  81  7:04  Probe  
  80  7:16  Probe  
  80  7:17  Assimilator  
  80  7:21  Stalker x4  
  90  7:23  Stalker  
  81  7:38  Stalker x2  
  81  7:43  Probe  
  84  7:51  Stalker x2  
  84  7:56  Stalker  
  84  7:58  Zealot x2  
  76  8:20  Stalker  
  76  8:21  Stalker x5  
  80  8:33  Stalker  
Tags
 
Add a new tag
Caveats
  • Supply blocks, unpowered buildings, or Contaminate may cause inaccurate times.
  • Supply counts are checked every 10 seconds.